 Dungeon Crawl Stone Soup version 0.15.2 (webtiles) character file.

1524289 angelmind the Conqueror (level 27, 219/273 HPs)
             Began as a Minotaur Fighter on Mar 9, 2015.
             Was the Champion of Okawaru.
             Escaped with the Orb
             ... and 3 runes on Mar 13, 2015!
             The game lasted 15:01:26 (95577 turns).

angelmind the Conqueror (Minotaur Fighter)         Turns: 95577, Time: 15:01:27

HP 219/273       AC 50     Str 29      XL: 27
MP  39/39        EV  7     Int  9      God: Okawaru [******]
Gold 3312        SH 23     Dex 18      Spells:  1 memorised, 25 levels left

rFire  + + +     SeeInvis +     A - +11 whip of Sudden Death {slash, rF++ rC+}
rCold  + + +     Clarity  .     N - +10 gold dragon armour
rNeg   + + +     rCorr    .     u - +8 shield of Meneotz {rPois rC+ Int+2 Slay+5}
rPois  +         rRot     .     h - +2 hat of the Bear Spirit {Spirit, +Rage rN+ MR++}
rElec  +         Spirit   +     v - +2 cloak {+Inv}
SustAb .         Warding  .     e - +2 pair of gloves of Springtime {rElec}
rMut   +         Stasis   .     J - +2 pair of boots {Fly}
Gourm  .                        G - amulet of resist mutation
MR     ++++.                    o - ring of Qeat {rN+ SInv}
                                g - ring "Miumar" {rElec rN+ Dex+5}

@: flying, incredibly resistant to hostile enchantments, extremely unstealthy
A: retaliatory headbutt, horns 2, breathe flames 1
a: Heroism, Finesse, Renounce Religion, Breathe Fire, Evoke Berserk Rage, Evoke
Invisibility, Stop Flying
0: Orb of Zot
}: 3/15 runes: decaying, serpentine, silver


You escaped.
You worshipped Okawaru.
Okawaru was exalted by your worship.
You were not hungry.

You visited 11 branches of the dungeon, and saw 59 of its levels.
You visited the Abyss 1 time.
You also visited: Labyrinth, Trove, Sewer and Ice Cave.

You collected 11261 gold pieces.
You spent 7949 gold pieces at shops.

Inventory:

Hand weapons
 A - the +11 whip of Sudden Death (weapon) {slash, rF++ rC+}
   (You took it off a minotaur in a labyrinth)

   It inflicts extra damage upon your enemies.
   It greatly protects you from fire.
   It protects you from cold.
 X - a +9 antimagic demon whip
Missiles
 b - 2 throwing nets
 k - 3 javelins of penetration
 K - 3 tomahawks of returning (quivered)
Armour
 e - the +2 pair of gloves of Springtime (worn) {rElec}
   (Okawaru gifted it to you on level 4 of the Vaults)

   It insulates you from electricity.
 h - the +2 hat of the Bear Spirit (worn) {Spirit, +Rage rN+ MR++}
   (You found it on level 3 of the Elven Halls)

   It protects you from negative energy.
   It affects your resistance to hostile enchantments.
   It lets you go berserk.
 i - the +2 pair of boots "Chuss" {Str+2 Stlth++}
   (Okawaru gifted it to you on level 15 of the Dungeon)

   It affects your strength (+2).
   It makes you much more stealthy.
 u - the +8 shield of Meneotz (worn) {rPois rC+ Int+2 Slay+5}
   (You bought it in a shop on level 12 of the Dungeon)

   It affects your intelligence (+2).
   It affects your accuracy and damage with ranged weapons and melee attacks
   (+5).
   It protects you from cold.
   It protects you from poison.
 v - a +2 cloak of darkness (worn)
 J - a +2 pair of boots of flying (worn)
 N - a +10 gold dragon armour (worn)
Magical devices
 a - a wand of disintegration (15)
 p - a wand of disintegration (10)
 I - a wand of teleportation (4)
 Q - a wand of teleportation (2)
 Z - a wand of digging (4)
Comestibles
 d - 11 bread rations
Scrolls
 l - 4 scrolls of blinking
 m - 5 scrolls of teleportation
 y - 3 scrolls of remove curse
 W - a scroll of holy word
Jewellery
 f - an uncursed amulet of stasis
 g - the ring "Miumar" (left hand) {rElec rN+ Dex+5}
   (You found it in a treasure trove)

   [ring of dexterity]

   It affects your dexterity (+5).
   It insulates you from electricity.
   It protects you from negative energy.
 n - an uncursed amulet of the gourmand
 o - the ring of Qeat (right hand) {rN+ SInv}
   (You found it on level 3 of the Crypt)

   [ring of positive energy]

   It protects you from negative energy.
   It enhances your eyesight.
 t - the amulet of Xom's Esteem {Clar +Blink rPois rN+}
   (You bought it in a shop on level 4 of the Orcish Mines)

   [amulet of clarity]

   It provides mental clarity.
   It protects you from poison.
   It protects you from negative energy.
   It lets you blink.
 w - the ring of Robustness {AC+8}
   (You took it off a fire giant on level 5 of the Vaults)

   [ring of protection]

   It affects your AC (+8).
 x - the amulet of Cekugob {Ward -Tele rElec rPois rN++ AC+1 EV+1}
   (You found it in a treasure trove)

   [amulet of warding]

   It may prevent the melee attacks of summoned creatures.
   It affects your AC (+1).
   It affects your evasion (+1).
   It insulates you from electricity.
   It protects you from poison.
   It greatly protects you from negative energy.
   It prevents most forms of teleportation.
 B - an uncursed ring of teleportation
 G - an amulet of resist mutation (around neck)
 H - an uncursed ring of teleport control
 Y - the amulet "Boobyd" {rCorr Stlth++}
   (You took it off a fire giant on level 5 of the Vaults)

   [amulet of resist corrosion]

   It protects you from acid and corrosion.
   It makes you much more stealthy.
Potions
 s - 2 potions of haste
 z - 11 potions of curing
 C - 3 potions of cure mutation
 O - 4 potions of might
 P - 7 potions of resistance
 R - 7 potions of restore abilities
Miscellaneous
 j - a stone of tremors
 L - a phial of floods
 V - a lamp of fire (inert)
Rods
 c - a +9 rod of inaccuracy (16/16)
   (You took it off a yaktaur captain on level 5 of the Vaults)
 U - a +9 rod of ignition (17/17)
   (You found it in a labyrinth)


   Skills:
 O Level 27 Fighting
   Level 20.1(25.1) Axes
 * Level 25.8(27) Maces & Flails
 * Level 18.5 Throwing
 + Level 25.1 Armour
 - Level 0.2 Dodging
 - Level 14.0 Shields
 - Level 4.0 Invocations
 - Level 19.0 Evocations


You had 25 spell levels left.
You knew the following spells:

 Your Spells              Type           Power        Failure   Level  Hunger
a - Apportation           Tloc           #.........   100%        1    ##.....


Dungeon Overview and Level Annotations

Branches:
Dungeon (15/15)            Temple (1/1) D:4             Orc (4/4) D:9
    Elf (3/3) Orc:4          Lair (8/8) D:8           Swamp (5/5) Lair:6
  Snake (5/5) Lair:4        Slime (0/6) Lair:6       Vaults (5/5) D:14
  Crypt (3/3) Vaults:2       Tomb (0/3) Crypt:3      Depths (5/5) D:15
    Zot (5/5) Depths:5

Altars:
Ashenzari
Cheibriados
Dithmenos
Elyvilon
Fedhas
Kikubaaqudgha
Makhleb
Nemelex Xobeh
Okawaru
Qazlal
Sif Muna
Trog
Vehumet
Xom
Yredelemnul
Zin
The Shining One
Beogh

Shops:
D:8 [   D:9 ?   D:12 [   Orc:1 ?   Orc:4 :(*[   Elf:2 !   Snake:4 [
Vaults:3 !

Portals:
Hell: Depths:1 Depths:2 Depths:3 Depths:4 Depths:5
Abyss: Depths:1 Depths:4
Pandemonium: Depths:3 Depths:5
Ziggurat: Depths:1

Annotations:
Swamp:5 Lernaean hydra
Depths:1 exclusions: angel and 3 more exclusions


Innate Abilities, Weirdness & Mutations

You reflexively headbutt those who attack you in melee.
You have a pair of horns on your head.
You can breathe flames.


Message History

A sixfirhy comes into view.
You hit the sixfirhy but do no damage. You headbutt the sixfirhy!
The sixfirhy is lightly wounded.
You block the sixfirhy's attack.
You whack the sixfirhy!
The sixfirhy is heavily wounded.
You block the sixfirhy's attack. x2
You miss the sixfirhy. Your headbutt misses the sixfirhy.
The sixfirhy is heavily wounded.
You completely miss the sixfirhy. Your headbutt misses the sixfirhy.
The sixfirhy is heavily wounded.
You whack the sixfirhy! You headbutt the sixfirhy!
You kill the sixfirhy!
Okawaru accepts your kill.
There is a staircase leading out of the dungeon here.
Eat which item? (? for menu, Esc to quit)
You continue eating. x3
You finish eating.
That bread ration really hit the spot!
You can't go down here!
You have escaped!

....#..#...#....≈...##..# #...
...###)#.....≈...≈...#..######.##
.#..#..#.#...≈≈.≈....#........#.#
###...##.#..≈≈.≈.≈≈..#########..#
##..####.#..≈..≈.≈≈≈.# ##.# #.##
#.#..≈(≈≈≈.≈≈.# #.# #.#
####.≈≈≈≈≈≈≈≈.# #.#
##.########..≈≈≈≈....# #.#
#........#...≈≈≈@≈≈.≈# #.#
#.########...≈.≈≈≈..≈# #.# #.#
#≈..≈≈≈≈..≈≈# #.. #.#
#≈...≈≈....≈# ##. #.#
#≈≈..)≈...≈≈# ####. #.#
#≈≈......≈≈≈########....
#.########≈≈......≈≈≈#...........
#........#≈≈≈≈....≈≈≈########.##.
.........#≈≈≈≈.≈≈≈≈≈≈# #.##.


There were no monsters in sight!

Vanquished Creatures
  8 orbs of fire
  3 ancient liches
  Mara (twice) (Vaults:3)
  Saint Roka (Vaults:2)
  2 curse toes (Zot:2)
  Sojobo (Crypt:1)
  3 Killer Klowns (Zot:5)
  15 golden dragons
  A profane servitor (Crypt:3)
  Jory (Vaults:4)
  Frederick (Vaults:1)
  3 bone dragons
  3 electric golems (Zot:5)
  Asterion (Vaults:1)
  14 tentacled monstrosities
  3 titans
  An Ice Fiend (IceCv)
  A deep elf blademaster (Elf:3)
  3 deep elf master archers (Elf:3)
  4 quicksilver dragons (Vaults:5)
  25 Orb Guardians
  4 liches
  An octopode crusher (Depths:2)
  11 storm dragons
  A Shadow Fiend (Depths:4)
  A tentacled starspawn (Abyss:1)
  3 thorn hunters
  6 sphinxes
  3 ancient champions
  Rupert (D:15)
  Agnes (Vaults:3)
  Frances (Swamp:2)
  Kirke (Swamp:1)
  8 shadow dragons
  8 tengu reavers
  3 revenants
  Roxanne (D:14)
  3 draconian monks
  2 ghost moths
  9 fire giants
  8 greater nagas
  Wiglaf (Vaults:4)
  4 draconian scorchers
  6 frost giants
  13 deep elf sorcerers
  2 iron dragons
  An emperor scorpion (shapeshifter) (Depths:3)
  Aizul (Snake:2)
  Louise (Swamp:5)
  An orc warlord (Orc:4)
  18 vault wardens
  2 draconian zealots
  A cacodemon (Abyss:1)
  5 draconian knights
  Gastronok (Orc:2)
  6 emperor scorpions
  26 stone giants
  Jorgrun (Swamp:4)
  6 draconian annihilators
  4 ghouls
  2 spriggan defenders (Depths:4)
  4 draconian shifters
  A draconian caller (Zot:5)
  A reaper (Crypt:1)
  2 curse skulls
  2 vampire knights
  8 grey draconians
  6 deep elf demonologists
  8 very ugly things
  A grey draconian (shapeshifter) (Vaults:4)
  7 red draconians
  9 war gargoyles
  3 yellow draconians
  10 deep elf annihilators
  6 green draconians
  Azrael (D:14)
  3 white draconians
  5 mottled draconians
  A dire elephant (Depths:2)
  6 pale draconians
  6 black draconians
  An unborn (Crypt:3)
  An eidolon (Crypt:3)
  4 purple draconians
  3 minotaurs
  A mummy priest (Crypt:3)
  14 crystal guardians
  8 deep elf death magi
  7 ettins
  22 ironheart preservers
  37 vault guards
  21 yaktaur captains
  7 great orbs of eyes
  9 death cobs
  17 deep elf high priests
  18 fire dragons
  18 jiangshi
  16 hydras
  10 rakshasas
  15 naga warriors
  13 ice dragons
  A monstrous demonspawn (Depths:5)
  14 centaur warriors
  16 ogre magi
  5 ghost crabs
  4 spriggan air magi
  16 ravenous item mimics (Depths:3)
  2 ravenous feature mimics
  A siren (shapeshifter) (Vaults:5)
  11 deep troll shamans
  2 shambling mangroves (Swamp:3)
  2 anacondas (shapeshifter)
  16 deep troll earth magi
  12 dancing weapons (Depths:3)
  9 alligators
  13 anacondas
  6 death knights
  18 naga sharpshooters
  2 tengu warriors
  A satyr (shapeshifter) (D:15)
  A titan zombie (Crypt:1)
  3 orc high priests
  A death yak (Depths:1)
  4 spriggan berserkers
  2 soul eaters
  A sun demon (Elf:3)
  2 vampire magi
  4 iron trolls
  2 shock serpents (shapeshifter) (Depths:3)
  7 shock serpents
  A hell knight (Crypt:3)
  A titan skeleton (Crypt:1)
  6 shadow wraiths
  13 deep elf knights
  4 salamander mystics
  29 skeletal warriors
  2 spriggan druids
  A fire crab (shapeshifter) (Depths:3)
  A fire crab (Vaults:4)
  9 ice devils
  3 ball lightnings (Depths:3)
  4 flayed ghosts
  An orb spider (Zot:1)
  3 hill giants
  A swamp dragon (shapeshifter) (Vaults:5)
  2 hill giants (shapeshifter)
  4 giant orange brains
  6 necromancers
  A lindwurm (shapeshifter) (Vaults:5)
  An unseen horror (shapeshifter) (D:15)
  3 ice statues
  8 wizards
  7 swamp dragons
  14 deep elf summoners
  3 silver statues (Depths:3)
  A gelid demonspawn (Depths:5)
  7 unseen horrors
  Pikel (D:9)
  2 golden dragon skeletons
  2 hellions
  3 orc sorcerers
  A wolf spider zombie (Abyss:1)
  59 ugly things
  A harpy (shapeshifter) (Depths:3)
  41 deep trolls
  9 harpies (Vaults:1)
  10 deep elf conjurers
  7 naga ritualists
  8 wolf spiders
  4 large abominations
  17 ironbrand convokers
  17 orc knights
  14 salamanders
  A lindwurm (Lair:8)
  3 sixfirhies
  A draconian zombie (Zot:2)
  6 mana vipers
  4 cyclopes
  3 manticores
  2 oklob plants
  A spectral fire dragon (Crypt:3)
  22 moths of wrath
  10 griffons
  2 draconians (shapeshifter)
  2 frost giant skeletons (Crypt:1)
  8 phantasmal warriors
  A tormentor (Vaults:5)
  A fire giant skeleton (Vaults:4)
  An octopode (shapeshifter) (Vaults:1)
  3 guardian serpents
  A red wasp (Swamp:5)
  19 elephants
  43 black mambas
  A guardian serpent (shapeshifter) (Vaults:1)
  9 vault sentinels
  A shock serpent zombie (Crypt:1)
  2 feature mimics
  An apocalypse crab (Abyss:1)
  2 black mambas (shapeshifter)
  2 orange demons
  2 molten gargoyles (Depths:3)
  5 gargoyles
  3 torpor snails
  An orange crystal statue (Orc:3)
  3 smoke demons
  A purple draconian zombie (Zot:3)
  55 yaktaurs
  30 naga magi
  20 spiny frogs
  2 efreet
  2 iron devils
  A dire elephant skeleton (Depths:1)
  A tengu conjurer (D:13)
  A spiny frog (shapeshifter) (Vaults:5)
  An elf (shapeshifter) (Depths:3)
  3 red draconian zombies
  4 kobold demonologists (D:15)
  4 guardian mummies (Crypt:3)
  7 blue devils
  2 red devils
  An anaconda simulacrum (IceCv)
  11 fire drakes
  A fire drake (shapeshifter) (Vaults:3)
  2 hellwings
  A spriggan skeleton (Depths:1)
  A catoblepas zombie (D:14)
  6 trolls
  13 deep elf priests
  Grum (D:9)
  10 komodo dragons
  4 jumping spiders
  Sonja (Snake:1)
  A shadow dragon simulacrum (Vaults:4)
  3 silent spectres (Crypt:2)
  A merfolk (shapeshifter) (Depths:4)
  3 wind drakes (shapeshifter)
  2 polar bears
  3 fire vortices (Depths:3)
  13 freezing wraiths
  7 baby alligators (Swamp:3)
  7 giant leeches
  Prince Ribbit (Lair:1)
  A baby alligator (shapeshifter) (D:15)
  24 two-headed ogres
  5 wind drakes
  9 bog bodies
  A raiju (shapeshifter) (Depths:3)
  A blink frog (shapeshifter) (Depths:3)
  A giant leech (shapeshifter) (Vaults:5)
  10 ravens
  A fire dragon zombie (D:15)
  A raiju (Abyss:1)
  5 boulder beetles
  36 slime creatures
  An ettin zombie (Vaults:5)
  A hydra skeleton (Crypt:1)
  A raven (shapeshifter) (Vaults:3)
  A trapdoor spider (shapeshifter) (Vaults:5)
  23 blink frogs
  50 flying skulls
  A deep troll skeleton (Depths:1)
  2 ettin skeletons (Crypt:1)
  4 basilisks
  14 water elementals
  7 spriggans
  17 air elementals
  4 wyverns
  A dire elephant simulacrum (IceCv)
  2 trapdoor spiders
  3 redbacks
  7 hippogriffs
  The ghost of Aargh the Chucker, an average TrHu (D:5)
  A tarantella (shapeshifter) (D:15)
  3 neqoxecs
  A golden eye (shapeshifter) (Depths:3)
  2 human simulacra
  5 tarantellas
  6 shadows
  A human (D:9)
  25 deep elf magi
  6 vampires
  8 fire elementals
  A fire bat (shapeshifter) (Depths:3)
  3 hungry ghosts
  A yaktaur simulacrum (Vaults:3)
  2 ynoxinuls
  36 vampire mosquitoes
  28 deep elf fighters
  A hog (shapeshifter) (Vaults:4)
  A wolf (shapeshifter) (Depths:3)
  2 hydra simulacra (IceCv)
  58 yaks
  A soldier ant (shapeshifter) (Elf:3)
  14 wraiths
  2 steam dragons
  6 wolves
  A porcupine (shapeshifter) (Depths:3)
  Edmund (D:4)
  A chaos spawn (Elf:3)
  6 mottled dragons
  3 human zombies
  2 iron troll simulacra (IceCv)
  3 wargs
  39 swamp worms
  45 nagas
  42 water moccasins
  2 gelid demonspawn skeletons (Crypt:2)
  3 sky beasts
  A hell hound (Depths:4)
  3 harpy simulacra (IceCv)
  A merfolk skeleton (Crypt:2)
  2 phantoms (D:7)
  10 spiders
  2 ghost crab zombies
  5 small abominations
  A tengu skeleton (D:10)
  6 boggarts
  7 yellow wasps
  8 necrophages
  8 earth elementals
  59 ogres
  8 swamp drakes
  A black bear (D:10)
  14 porcupines
  15 ice beasts
  2 boring beetles
  A deep dwarf (D:5)
  52 orc warriors
  A deep troll simulacrum (Depths:1)
  An ettin simulacrum (IceCv)
  3 lost souls
  A tengu (Lair:8)
  A swamp dragon skeleton (Crypt:2)
  An elephant skeleton (Crypt:2)
  5 brain worms
  Sigmund (D:4)
  3 big kobolds
  17 crocodiles
  A yaktaur zombie (Crypt:2)
  36 centaurs
  A dryad zombie (Crypt:2)
  31 giant frogs
  Blork the orc (D:3)
  A komodo dragon skeleton (D:13)
  A wyvern skeleton (D:9)
  15 jellies
  27 insubstantial wisps
  A human skeleton (Vaults:4)
  A water moccasin skeleton (Crypt:1)
  6 scorpions
  An eye of draining (shapeshifter) (D:15)
  An eye of draining (Abyss:1)
  A tengu zombie (D:13)
  A raiju zombie (Crypt:1)
  20 killer bees
  2 electric eels
  A hippogriff skeleton (D:8)
  2 spectral ogres
  A spectral giant frog (Crypt:1)
  19 wights
  A lava snake (Zot:1)
  11 crimson imps
  34 orc priests
  A giant frog skeleton (D:10)
  12 hounds
  13 iguanas
  2 iron imps
  36 orc wizards
  A basilisk skeleton (Crypt:1)
  A kobold skeleton (D:10)
  2 quasits
  A two-headed ogre skeleton (D:9)
  A black bear skeleton (Crypt:1)
  3 polar bear simulacra (Lair:6)
  A boulder beetle simulacrum (D:15)
  5 orange rats
  13 worker ants
  A yak simulacrum (Lair:6)
  A killer bee zombie (D:6)
  54 sheep
  3 ogre zombies
  Jessica (D:3)
  A mottled dragon skeleton (D:12)
  A mottled dragon zombie (D:14)
  3 wolf simulacra (Lair:6)
  A crocodile skeleton (D:7)
  A hound zombie (D:8)
  2 mummies
  A hound skeleton (D:3)
  A green rat (shapeshifter) (Depths:3)
  56 green rats
  5 orc skeletons
  28 adders
  4 shadow imps
  3 white imps
  7 giant mites
  19 worms
  3 ufetubi
  An adder zombie (D:7)
  A giant eyeball (shapeshifter) (Vaults:1)
  3 giant geckos
  2 oozes (Lair:6)
  198 orcs
  21 bats
  A bat skeleton (D:5)
  4 giant cockroaches
  28 hobgoblins
  14 jackals
  25 kobolds
  19 quokkas
  7 ball pythons
  10 giant newts
  A giant spore (D:14)
  31 goblins
  4 green rat simulacra (Lair:6)
  A kobold zombie (D:6)
  10 orc zombies
  18 rats
  A rat skeleton (Crypt:1)
  4 ballistomycetes
  2 briar patches
  A crawling corpse (Vaults:3)
  2 fungi
  4 plants
3264 creatures vanquished.

Vanquished Creatures (collateral kills)
  Khufu (Crypt:3)
  A golden dragon (Depths:5)
  2 Orb Guardians (Zot:5)
  A shadow dragon (Zot:2)
  A vault warden (Vaults:5)
  A draconian annihilator (Zot:5)
  A stone giant (Vaults:5)
  A green death (Vaults:3)
  A jiangshi (Crypt:1)
  A mummy priest (Crypt:3)
  An ice dragon (Zot:1)
  An ogre mage (Vaults:2)
  A deep troll (Depths:5)
  An orc knight (Orc:4)
  An orc sorcerer (Orc:4)
  A small abomination (Vaults:3)
  3 guardian mummies (Crypt:3)
  A red devil (Orc:4)
  2 air elementals
  A vampire mosquito (Vaults:3)
  2 earth elementals (Lair:8)
  2 centaurs (D:14)
  2 ogres (Vaults:3)
  A jelly (Lair:6)
  2 orc wizards
  3 worms (Lair:8)
  4 orcs
  A crawling corpse (Vaults:3)
41 creatures vanquished.

Vanquished Creatures (others)
  A tentacled monstrosity (Zot:5)
  An ettin (Depths:4)
  A fire dragon (Zot:1)
  A small abomination (Depths:4)
  A deep troll (shapeshifter) (Depths:3)
  9 ball lightnings
  2 orb spiders
  A necromancer (Crypt:1)
  A mana viper (shapeshifter) (Depths:3)
  3 water elementals (Zot:5)
  A naga mage (Snake:5)
  10 fire elementals
  A tormentor (Depths:4)
  A spiny frog (Swamp:4)
  3 jumping spiders (Zot:5)
  A merfolk (shapeshifter) (Depths:3)
  2 trapdoor spiders
  4 redbacks (Zot:5)
  A spriggan (Depths:2)
  3 humans (Swamp:1)
  2 tarantellas (Depths:5)
  A hungry ghost (D:9)
  3 slaves (D:9)
  An ogre (Vaults:5)
  A phantom (D:7)
  6 earth elementals
  6 lost souls
  An insubstantial wisp (Depths:3)
  A killer bee (D:9)
  An iron imp (Abyss:1)
  An iguana (D:9)
  An orc (Vaults:2)
  A giant spore (D:7)
  8 fungi
  A plant (Lair:8)
  4 starspawn tentacles (Abyss:1)
  2 starspawn tentacle segments (Abyss:1)
89 creatures vanquished.

Grand Total: 3394 creatures vanquished

Notes
Turn   | Place    | Note
--------------------------------------------------------------
     0 | D:1      | angelmind, the Minotaur Fighter, began the quest for the Orb.
     0 | D:1      | Reached XP level 1. HP: 19/19 MP: 1/1
   299 | D:1      | Reached XP level 2. HP: 27/27 MP: 1/1
   445 | D:1      | Reached skill level 4 in Armour
  1031 | D:2      | Reached XP level 3. HP: 31/33 MP: 2/2
  1579 | D:3      | Noticed Jessica
  1633 | D:3      | Reached XP level 4. HP: 36/40 MP: 2/2
  1928 | D:3      | Killed Jessica
  1928 | D:3      | Reached skill level 5 in Axes
  2152 | D:3      | Reached XP level 5. HP: 44/46 MP: 2/2
  2301 | D:3      | Noticed an ogre
  2311 | D:3      | Killed an ogre
  2311 | D:3      | Reached skill level 7 in Axes
  2631 | D:3      | Reached XP level 6. HP: 48/52 MP: 3/3
  2711 | D:4      | Noticed Sigmund
  2763 | D:4      | Killed Sigmund
  2854 | D:4      | Found a staircase to the Ecumenical Temple.
  2969 | D:3      | Reached skill level 8 in Axes
  3018 | D:4      | Got a fine ring mail
  3095 | D:4      | Noticed Edmund
  3104 | D:4      | Killed Edmund
  3104 | D:4      | Reached skill level 5 in Fighting
  3104 | D:4      | Reached XP level 7. HP: 57/61 MP: 3/3
  3228 | Temple   | Entered the Ecumenical Temple
  3420 | Temple   | Became a worshipper of Warmaster Okawaru
  3816 | D:4      | Found a shadowy altar of Dithmenos.
  3820 | D:4      | Found a glowing golden altar of the Shining One.
  3823 | D:4      | Found a blossoming altar of Fedhas.
  3950 | D:4      | Noticed Blork the orc
  3988 | D:3      | Killed Blork the orc
  3988 | D:3      | Reached skill level 9 in Axes
  3999 | D:4      | Reached skill level 5 in Armour
  4006 | D:4      | Acquired Okawaru's first power
  4428 | D:5      | Entered Level 5 of the Dungeon
  4431 | D:5      | Noticed Aargh's ghost (average TrHu)
  4532 | D:4      | Reached XP level 8. HP: 60/70 MP: 3/3
  4671 | D:5      | Noticed a wyvern
  4684 | D:5      | Killed a wyvern
  4684 | D:5      | Reached skill level 10 in Axes
  4980 | D:5      | Got a glittering ruby amulet
  5046 | D:5      | Identified the +2 ring mail "Xynyligh" {rPois} (You found it on level 4 of the Dungeon)
  5094 | D:5      | Identified the amulet of Beauty {Faith Str+2 Dex+3} (You found it on level 5 of the Dungeon)
  5230 | D:6      | Found a glowing silver altar of Zin.
  5382 | D:6      | Found a glowing drain.
  5416 | Sewer    | Entered a sewer
  5529 | Sewer    | Found a white marble altar of Elyvilon.
  5707 | D:6      | Reached XP level 9. HP: 56/79 MP: 4/4
  6468 | D:7      | Reached skill level 5 in Shields
  6627 | D:7      | Reached skill level 11 in Axes
  7919 | D:8      | Found a staircase to the Lair.
  8272 | D:8      | Found Ghaofeps' Armour Emporium.
  8292 | D:8      | Bought a +1 plate armour of magic resistance for 525 gold pieces
  8386 | D:8      | Reached XP level 10. HP: 85/91 MP: 4/4
  8851 | Lair:1   | Entered Level 1 of the Lair of Beasts
  8883 | Lair:1   | Identified a scroll of acquirement
  8926 | Lair:1   | Acquired Okawaru's second power
  8936 | Lair:1   | Reached skill level 10 in Fighting
  9139 | Lair:1   | Received a gift from Okawaru
  9161 | Lair:1   | Reached skill level 10 in Armour
  9657 | Lair:1   | Reached skill level 12 in Axes
  9821 | Lair:1   | Noticed Prince Ribbit
  9829 | Lair:1   | Killed Prince Ribbit
 10116 | Lair:1   | Reached XP level 11. HP: 95/103 MP: 4/4
 10881 | Lair:2   | Received a gift from Okawaru
 11955 | Lair:3   | Reached skill level 13 in Fighting
 12304 | Lair:4   | Found a labyrinth entrance.
 12312 | Lab      | Entered a labyrinth
 12751 | Lab      | Noticed a minotaur
 12766 | Lab      | Killed a minotaur
 12768 | Lab      | Got a dazzling whip
 12777 | Lab      | Got a crystal whip
 12777 | Lab      | Got a polished short sword
 12777 | Lab      | Got an ichor-stained leather armour
 12860 | Lair:4   | Received a gift from Okawaru
 12860 | Lair:4   | Reached skill level 1 in Evocations
 12919 | Lair:4   | Identified the +1 leather armour of Subjectivity {Dex+4 Int+2} (You found it in a labyrinth)
 12961 | Lair:4   | Identified the cursed +11 whip of Sudden Death {slash, rF++ rC+} (You took it off a minotaur in a labyrinth)
 12987 | Lair:3   | Identified the +9 whip of Kiacsu Khaaq {slash, Dex+2 Int+1} (You found it in a labyrinth)
 12991 | Lair:3   | Identified the +6 short sword of the Tundras {slice, rF+ Stlth+} (You found it in a labyrinth)
 13074 | Lair:1   | Identified a cursed -1 rod of ignition (14/14) (You found it in a labyrinth)
 13164 | Lair:4   | Reached skill level 1 in Maces & Flails
 13171 | Lair:4   | Reached XP level 12. HP: 90/115 MP: 7/9
 13434 | Lair:4   | Found a staircase to the Snake Pit.
 13702 | Lair:4   | Got a bloodstained long sword
 13703 | Lair:4   | Identified the cursed +2 long sword of Valiance {slice, rElec rF+} (You found it on level 4 of the Lair of Beasts)
 14052 | Lair:4   | Received a gift from Okawaru
 14053 | Lair:4   | Got a pitted quick blade {god gift}
 14097 | Lair:4   | Reached skill level 5 in Evocations
 14340 | Lair:4   | Reached skill level 14 in Fighting
 14735 | Lair:4   | Found a staircase to the Swamp.
 14744 | Lair:4   | Reached skill level 5 in Maces & Flails
 15303 | Lair:5   | Received a gift from Okawaru
 15316 | Lair:5   | Identified the +8 quick blade of the Onslaught {stab, Dex-3} (Okawaru gifted it to you on level 4 of the Lair of Beasts)
 15393 | Lair:5   | Got a pitted hand crossbow
 15394 | Lair:5   | Identified the +9 hand crossbow of World's End {penet, rF++} (You found it on level 5 of the Lair of Beasts)
 16366 | Lair:5   | Reached XP level 13. HP: 90/125 MP: 19/19
 16743 | Lair:6   | Found a staircase to the Swamp.
 17170 | Lair:6   | Found a staircase to the Slime Pits.
 17967 | Lair:7   | Received a gift from Okawaru
 17968 | Lair:7   | Got a brightly glowing longbow {god gift}
 18123 | Lair:7   | Got a smoking scale mail
 18130 | Lair:7   | Identified the +8 longbow of Okawaru's Esteem {freeze, rElec rF++} (Okawaru gifted it to you on level 7 of the Lair of Beasts)
 18159 | Lair:7   | Identified the cursed +6 scale mail "Xyrouz" {Str+5} (You found it on level 7 of the Lair of Beasts)
 19026 | Lair:7   | Received a gift from Okawaru
 19093 | Lair:8   | Entered Level 8 of the Lair of Beasts
 19713 | D:9      | Noticed Pikel
 19742 | D:9      | Killed Pikel
 19742 | D:9      | Received a gift from Okawaru
 19749 | D:9      | Noticed Grum
 19754 | D:9      | Killed Grum
 19892 | D:9      | Found a staircase to the Orcish Mines.
 19989 | D:9      | Found Tepn's Magic Scroll Shoppe.
 20050 | D:9      | Bought a scroll of summoning for 123 gold pieces
 20050 | D:9      | Bought a scroll of identify for 26 gold pieces
 20050 | D:9      | Bought a scroll of identify for 26 gold pieces
 20050 | D:9      | Bought a scroll of vulnerability for 97 gold pieces
 20050 | D:9      | Bought a scroll of identify for 26 gold pieces
 20050 | D:9      | Bought a scroll of identify for 26 gold pieces
 20050 | D:9      | Bought a scroll of recharging for 123 gold pieces
 20284 | D:9      | Received a gift from Okawaru
 20371 | D:9      | Found a white marble altar of Elyvilon.
 20496 | Orc:1    | Entered Level 1 of the Orcish Mines
 20512 | Orc:1    | Found Zocoegax's Magic Scroll Shop.
 20803 | Orc:2    | Noticed Gastronok
 20816 | Orc:2    | Killed Gastronok
 20816 | Orc:2    | Reached skill level 15 in Fighting
 20816 | Orc:2    | Reached skill level 1 in Throwing
 20930 | Orc:2    | Found a radiant altar of Vehumet.
 20994 | Orc:2    | Paralysed by an orc sorcerer for 4 turns
 22071 | Orc:4    | Entered Level 4 of the Orcish Mines
 22071 | Orc:4    | Found a staircase to the Elven Halls.
 22085 | Orc:3    | Reached skill level 10 in Shields
 22423 | Orc:2    | Received a gift from Okawaru
 23100 | Lair:8   | Reached XP level 14. HP: 99/135 MP: 22/22
 23265 | Lair:8   | Got a shimmering chain mail
 23276 | Lair:8   | Identified the +0 chain mail of Dishonesty {Str+1 Int-4} (You found it on level 8 of the Lair of Beasts)
 23499 | Lair:8   | Was placed under penance by Okawaru
 24570 | Lair:8   | Was forgiven by Okawaru
 24685 | Lair:8   | Found an ancient bone altar of Kikubaaqudgha.
 24730 | Lair:8   | Reached skill level 10 in Maces & Flails
 25211 | D:5      | Killed Aargh's ghost
 25400 | Orc:1    | Bought a scroll of identify for 22 gold pieces
 25549 | Orc:4    | Found a white marble altar of Elyvilon.
 25613 | Orc:4    | Noticed an orc warlord
 25657 | Orc:4    | Killed an orc warlord
 25667 | Orc:4    | Received a gift from Okawaru
 26235 | Orc:4    | Found a roughly hewn altar of Beogh.
 26247 | Orc:4    | Got a faintly glowing hand axe {god gift}
 26248 | Orc:4    | Identified the +1 hand axe of Roof {antimagic, +Blink rElec rC+} (Okawaru gifted it to you on level 4 of the Orcish Mines)
 26261 | Orc:4    | Found Thelam's General Store.
 26276 | Orc:4    | Bought the amulet of Xom's Esteem {Clar +Blink rPois rN+} for 636 gold pieces
 26286 | Orc:4    | Found Qiufaew's Antique Armour Emporium.
 26599 | Orc:4    | Found Pheddeyd's Book Emporium.
 26632 | Orc:4    | Found Suntut's Antique Weapon Emporium.
 26649 | Orc:4    | Bought a twisted blowgun for 292 gold pieces
 26651 | Orc:4    | Identified the +9 blowgun of Action {speed, MR+ Int-1} (You bought it in a shop on level 4 of the Orcish Mines)
 26968 | D:10     | Entered Level 10 of the Dungeon
 26987 | D:10     | Found a staircase to the Lair.
 26998 | D:10     | the staircase to the Lair was a mimic.
 28669 | D:11     | Reached skill level 16 in Fighting
 29186 | D:12     | Found a blossoming altar of Fedhas.
 29275 | D:12     | Received a gift from Okawaru
 29282 | D:12     | Got a smelly scale mail {god gift}
 29293 | D:12     | Identified the +2 scale mail of the Land of Plenty {Slay+6} (Okawaru gifted it to you on level 12 of the Dungeon)
 29570 | D:12     | Found Kharuan's Antique Armour Emporium.
 29573 | D:12     | Bought a transparent shield for 294 gold pieces
 29584 | D:12     | Identified the +8 shield of Meneotz {rPois rC+ Int+2 Slay+5} (You bought it in a shop on level 12 of the Dungeon)
 30256 | D:13     | Reached skill level 10 in Evocations
 30370 | D:13     | Reached XP level 15. HP: 130/144 MP: 25/25
 31261 | D:14     | Noticed Roxanne
 31289 | D:14     | Killed Roxanne
 31289 | D:14     | Reached skill level 15 in Armour
 31292 | D:14     | Identified Roxanne's Grimoire of Earthen Changing (You took it off Roxanne on level 14 of the Dungeon)
 31695 | D:14     | Noticed Azrael
 31974 | D:14     | Killed Azrael
 32282 | D:14     | Found a gate to the Vaults.
 32513 | D:15     | Entered Level 15 of the Dungeon
 32797 | D:15     | Noticed Rupert
 32919 | D:15     | Reached skill level 17 in Fighting
 32926 | D:15     | Received a gift from Okawaru
 32927 | D:15     | Got a pair of crude boots {god gift}
 33051 | D:15     | Identified the +2 pair of boots "Chuss" {Str+2 Stlth++} (Okawaru gifted it to you on level 15 of the Dungeon)
 33448 | D:15     | Found a staircase to the Depths.
 33513 | D:15     | Killed Rupert
 34004 | D:13     | Got a jewelled long sword
 34005 | D:13     | Identified the +4 long sword "Minotaur's Curse" {slice, Dex+4} (You found it on level 13 of the Dungeon)
 34284 | Lair:4   | the staircase to the Swamp was a mimic.
 34387 | Swamp:1  | Entered Level 1 of the Swamp
 34408 | Swamp:1  | Reached XP level 16. HP: 136/155 MP: 27/27
 34629 | Swamp:1  | Noticed Kirke
 35461 | Swamp:1  | Killed Kirke
 35545 | Swamp:1  | Noticed Frances
 35590 | Swamp:2  | Killed Frances
 35716 | Swamp:1  | Received a gift from Okawaru
 36489 | Swamp:3  | HP: 6/157 [alligator (11)]
 37542 | Swamp:4  | Noticed Jorgrun
 37555 | Swamp:4  | HP: 4/157 [Jorgrun/Shatter (29)]
 37558 | Swamp:4  | Killed Jorgrun
 38104 | Swamp:4  | Reached skill level 18 in Fighting
 38132 | Swamp:4  | Found a glowing silver altar of Zin.
 38828 | D:12     | Bought a shiny large shield for 139 gold pieces
 38828 | D:12     | Bought an ichor-stained plate armour for 868 gold pieces
 39011 | Lair:1   | Identified the cursed -2 plate armour of Purpose {rC+} (You bought it in a shop on level 12 of the Dungeon)
 39438 | Swamp:5  | Entered Level 5 of the Swamp
 39587 | Swamp:5  | Received a gift from Okawaru
 39670 | Swamp:5  | Found a frozen archway.
 39685 | IceCv    | Entered an ice cave
 40003 | IceCv    | Gained mutation: You occasionally shout uncontrollably at your foes. [mutagenic glow]
 40303 | IceCv    | Noticed an Ice Fiend
 40317 | IceCv    | Killed an Ice Fiend
 40552 | Swamp:5  | Lost mutation: You occasionally shout uncontrollably at your foes. [potion of cure mutation]
 40561 | Swamp:5  | Reached XP level 17. HP: 154/165 MP: 29/29
 40720 | Swamp:5  | Received a gift from Okawaru
 40721 | Swamp:5  | Got a jewelled scale mail {god gift}
 40888 | Swamp:5  | Paralysed by a great orb of eyes for 5 turns
 41195 | Swamp:5  | Noticed the 27-headed Lernaean hydra
 41221 | Swamp:5  | Noticed Louise
 41229 | Swamp:5  | Killed Louise
 41229 | Swamp:5  | Reached skill level 15 in Maces & Flails
 41239 | Swamp:5  | Got a decaying rune of Zot
 41545 | Lair:1   | Identified the +3 scale mail "Psigoreo" {rC++ Slay+4} (Okawaru gifted it to you on level 5 of the Swamp)
 41653 | Snake:1  | Entered Level 1 of the Snake Pit
 41747 | Snake:1  | Noticed Sonja
 41755 | Snake:1  | Killed Sonja
 42937 | Snake:3  | Received a gift from Okawaru
 42938 | Snake:3  | Got a brightly glowing great mace {god gift}
 42944 | Snake:3  | Identified the +2 great mace of the Lame Duck {flame, rF+ rC+} (Okawaru gifted it to you on level 3 of the Snake Pit)
 44625 | Snake:4  | Found Qaok's Armour Shoppe.
 44791 | Snake:4  | Reached skill level 19 in Fighting
 45339 | Snake:4  | Received a gift from Okawaru
 45340 | Snake:4  | Got a slimy scale mail {god gift}
 45354 | Snake:4  | Identified the +8 scale mail "Mienk" {MR+} (Okawaru gifted it to you on level 4 of the Snake Pit)
 45550 | Snake:5  | Entered Level 5 of the Snake Pit
 45812 | Snake:5  | Learned a level 1 spell: Apportation
 45960 | Snake:5  | Reached XP level 18. HP: 176/176 MP: 31/31
 46868 | Snake:5  | Received a gift from Okawaru
 47508 | Snake:5  | Reached skill level 5 in Throwing
 47611 | Snake:5  | Got a serpentine rune of Zot
 48050 | Snake:2  | Noticed Aizul
 48072 | Snake:2  | Killed Aizul
 48399 | Snake:2  | Received a gift from Okawaru
 48400 | Snake:2  | Got a pair of fine boots {god gift}
 49548 | Lair:1   | Identified the +2 pair of boots of the Moon {Dex+4 Int+2} (Okawaru gifted it to you on level 2 of the Snake Pit)
 49763 | Vaults:1 | Entered Level 1 of the Vaults
 49858 | D:12     | Bought a glowing gold dragon armour for 2480 gold pieces
 50562 | Vaults:1 | Got an encrusted short sword
 50563 | Vaults:1 | Identified the +2 short sword of Somewhere Else {antimagic, Str+2 Int+2} (You found it on level 1 of the Vaults)
 50917 | Vaults:1 | Noticed Asterion
 50933 | Vaults:1 | Killed Asterion
 50961 | Vaults:1 | Reached XP level 19. HP: 169/184 MP: 31/31
 50981 | Vaults:1 | Reached skill level 20 in Fighting
 51268 | Vaults:1 | Paralysed by a sphinx for 5 turns
 51388 | Vaults:1 | Received a gift from Okawaru
 51786 | Vaults:1 | Received a gift from Okawaru
 51968 | Vaults:2 | Noticed Frederick
 52222 | Vaults:2 | Found a roughly hewn altar of Beogh.
 52569 | Vaults:2 | Found a staircase to the Crypt.
 52569 | Vaults:2 | Found a basalt altar of Yredelemnul.
 52570 | Vaults:2 | Found an ancient bone altar of Kikubaaqudgha.
 52601 | Vaults:2 | Found a portal to a secret trove of treasure.
 52722 | Vaults:2 | Noticed Saint Roka
 53120 | Vaults:1 | Killed Frederick
 54016 | Vaults:2 | Killed Saint Roka
 54081 | Vaults:2 | Reached skill level 10 in Throwing
 54410 | Vaults:3 | Found Roxath's Distillery.
 54521 | Vaults:3 | Noticed Mara
 54551 | Vaults:3 | Noticed angelmind's illusion
 54698 | Vaults:3 | Received a gift from Okawaru
 54758 | Vaults:3 | Received a gift from Okawaru
 54985 | Vaults:3 | Paralysed by a sphinx for 4 turns
 54988 | Vaults:3 | Noticed angelmind's illusion
 55016 | Vaults:3 | Paralysed by a sphinx for 7 turns
 55329 | Vaults:3 | Reached XP level 20. HP: 191/195 MP: 32/32
 55496 | Vaults:3 | Received a gift from Okawaru
 55678 | Vaults:3 | Noticed angelmind's illusion
 55697 | Vaults:3 | Killed Mara
 55705 | Vaults:3 | Killed Mara
 56134 | Vaults:4 | Reached skill level 21 in Fighting
 56278 | Vaults:4 | Noticed Jory
 56408 | Vaults:4 | Killed Jory
 56751 | Vaults:4 | Received a gift from Okawaru
 57083 | Vaults:4 | Noticed Agnes
 57259 | Vaults:3 | Killed Agnes
 57452 | Vaults:4 | Received a gift from Okawaru
 57467 | Vaults:4 | Gained mutation: Your muscles are strong. (Str +2) [potion of beneficial mutation]
 57671 | Vaults:4 | Reached XP level 21. HP: 195/204 MP: 33/33
 58775 | Vaults:3 | Got a dazzling great mace {god gift}
 58807 | Vaults:3 | Got a faintly glowing scale mail
 58808 | Vaults:3 | Identified the +3 scale mail "Iliod" {Dex+2 Int+1} (You found it on level 3 of the Vaults)
 58810 | Vaults:3 | Identified the +2 great mace of Invincibility {flame, rF+ rC+} (Okawaru gifted it to you on level 3 of the Vaults)
 59182 | Orc:4    | Bought a runed broad axe for 156 gold pieces
 59278 | Elf:1    | Entered Level 1 of the Elven Halls
 60429 | Elf:2    | Found Trosick's Distillery.
 61095 | Elf:3    | Entered Level 3 of the Elven Halls
 61831 | Elf:3    | Received a gift from Okawaru
 61844 | Elf:3    | Got a bloodstained hat {god gift}
 61862 | Elf:3    | Identified the +2 hat "Klusi" {Dex+2} (Okawaru gifted it to you on level 3 of the Elven Halls)
 62279 | Elf:3    | Cast into the Abyss (deep elf sorcerer)
 62386 | Abyss:1  | Found a shimmering altar of Xom.
 62662 | Elf:3    | Escaped the Abyss
 62950 | Elf:3    | Reached skill level 22 in Fighting
 63375 | Elf:3    | Got a dazzling cutlass
 63407 | Elf:3    | Gained mutation: Armour fits poorly on your strangely shaped body. [a neqoxec]
 63437 | Elf:3    | Reached skill level 15 in Throwing
 63845 | Elf:3    | Identified the cursed +2 cutlass of the Skies Above {freeze, rElec} (You took it off a deep elf mage on level 3 of the Elven Halls)
 63977 | Elf:3    | Got an ancient leather armour
 63988 | Elf:3    | Identified the +2 leather armour of Salvation {rF+ rC+} (You found it on level 3 of the Elven Halls)
 64000 | Elf:3    | Identified a +0 rod of destruction (9/9) (You found it on level 3 of the Elven Halls)
 64021 | Elf:3    | Got a shimmering dire flail
 64027 | Elf:3    | Identified the cursed +2 dire flail "Voafaeda" {crush, +Rage +Fly rElec SInv} (You found it on level 3 of the Elven Halls)
 64048 | Elf:3    | Got a crude spear
 64049 | Elf:3    | Identified the +2 spear of Smayzeun {drain, rF+ rC+} (You found it on level 3 of the Elven Halls)
 64090 | Elf:3    | Got a bloodstained hand crossbow
 64091 | Elf:3    | Identified the +11 hand crossbow of Esaquf {speed, Dex+1 Stlth+} (You found it on level 3 of the Elven Halls)
 64827 | Vaults:5 | Entered Level 5 of the Vaults
 65004 | Vaults:4 | Reached XP level 22. HP: 200/215 MP: 31/33
 65015 | Vaults:4 | Received a gift from Okawaru
 65016 | Vaults:4 | Got a pair of twisted gloves {god gift}
 65027 | Vaults:4 | Identified the +2 pair of gloves of Springtime {rElec} (Okawaru gifted it to you on level 4 of the Vaults)
 65322 | Vaults:5 | Noticed Wiglaf
 65655 | Vaults:4 | Killed Wiglaf
 66392 | Vaults:5 | Got an uncursed jewelled morningstar {venom}
 66393 | Vaults:5 | Identified the +9 morningstar of Doom {venom, Contam +Rage +Inv Dex+3} (You took it off a yaktaur on level 5 of the Vaults)
 66508 | Vaults:5 | Reached skill level 15 in Evocations
 66510 | Vaults:5 | Got a fine golden ring
 66578 | Vaults:5 | Gained mutation: Your magical capacity is low (-10% MP). [mutagenic glow]
 66616 | Vaults:5 | Got a jewelled buckler
 66638 | Vaults:5 | Identified the cursed -2 buckler of the Slorg {Slay-1} (You took it off a deep elf conjurer on level 5 of the Vaults)
 66745 | Vaults:5 | Received a gift from Okawaru
 66769 | Vaults:5 | Reached skill level 23 in Fighting
 66832 | Vaults:5 | Got a silver rune of Zot
 66857 | Vaults:5 | Identified the ring "Alyiwn" {Ice Slay+5} (You took it off a deep elf conjurer on level 5 of the Vaults)
 67492 | Vaults:5 | Noticed an ancient lich
 67511 | Vaults:5 | Killed an ancient lich
 67518 | Vaults:5 | Identified the Tome of Boosts and Venom
 67958 | Vaults:5 | Reached XP level 23. HP: 196/227 MP: 29/30
 68054 | Vaults:5 | Received a gift from Okawaru
 68055 | Vaults:5 | Got a faintly humming scale mail {god gift}
 68063 | Vaults:5 | Got a fine bronze amulet
 68086 | Vaults:5 | Identified the +4 scale mail of the Valley of Death {Int+3 Stlth+} (Okawaru gifted it to you on level 5 of the Vaults)
 68110 | Vaults:5 | Identified the amulet "Boobyd" {rCorr Stlth++} (You took it off a fire giant on level 5 of the Vaults)
 68131 | Vaults:5 | Identified a +9 rod of inaccuracy (14/14) (You took it off a yaktaur captain on level 5 of the Vaults)
 68176 | Vaults:5 | Noticed an ancient lich
 68212 | Vaults:5 | Killed an ancient lich
 68689 | Vaults:5 | Reached skill level 15 in Axes
 69334 | D:8      | Bought a +2 gold dragon armour for 1380 gold pieces
 69717 | Vaults:2 | You paid a toll of a +2 gold dragon armour to enter a treasure trove
 69718 | Trove    | Entered a treasure trove
 69723 | Trove    | Got a heavily runed ivory ring
 69727 | Trove    | Got a sparkling brass ring
 69733 | Trove    | Got a faintly glowing crystal amulet
 69735 | Trove    | Got a pitted marble ring
 69752 | Trove    | Got a brightly glowing wooden ring
 70024 | Lair:1   | Identified the amulet "Shruotwyt" {Spirit rPois rF- Slay+4} (You found it in a treasure trove)
 70028 | Lair:1   | Identified the ring "Miumar" {rElec rN+ Dex+5} (You found it in a treasure trove)
 70030 | Lair:1   | Identified the ring of Khycur {+/*Tele Str+2 Int-1} (You found it in a treasure trove)
 70036 | Lair:1   | Identified the cursed ring "Jet Ipn" {Contam rN+ AC-2 Str-2} (You found it in a treasure trove)
 70058 | Lair:1   | Identified the ring of Limitation {Int+1 SInv} (You found it in a treasure trove)
 70185 | Orc:1    | Bought a scroll of enchant armour for 82 gold pieces
 70185 | Orc:1    | Bought a scroll of teleportation for 33 gold pieces
 70185 | Orc:1    | Bought a scroll of fear for 38 gold pieces
 70185 | Orc:1    | Bought a scroll of fear for 38 gold pieces
 70185 | Orc:1    | Bought a scroll of teleportation for 33 gold pieces
 70365 | Orc:4    | Bought a runed morningstar for 156 gold pieces
 70779 | Crypt:1  | Entered Level 1 of the Crypt
 71047 | Crypt:1  | Reached skill level 24 in Fighting
 71569 | Crypt:1  | Noticed Sojobo
 72617 | Crypt:1  | Killed Sojobo
 72953 | Crypt:2  | Received a gift from Okawaru
 72954 | Crypt:2  | Got a smoking robe {god gift}
 73435 | Crypt:3  | Entered Level 3 of the Crypt
 73985 | Crypt:3  | Reached XP level 24. HP: 240/240 MP: 31/31
 74016 | Crypt:3  | Found a basalt altar of Yredelemnul.
 74138 | Crypt:3  | Reached skill level 1 in Invocations
 74874 | Crypt:3  | Noticed Khufu
 74880 | Crypt:3  | Was placed under penance by Okawaru
 74884 | Crypt:3  | Killed Khufu
 74885 | Crypt:3  | Found a staircase to the Tomb.
 74911 | Crypt:3  | Identified the Reference Book on Lucky Evil Rituals
 75202 | Crypt:3  | Got a flickering golden ring
 75204 | Crypt:3  | Identified the +0 robe "Modausm" {+Inv rElec rF+ Str+3 Dex+4} (Okawaru gifted it to you on level 2 of the Crypt)
 75206 | Crypt:3  | Identified the ring of Klos {rPois rN+} (You found it on level 3 of the Crypt)
 75208 | Crypt:3  | Got a vibrating jade ring
 75208 | Crypt:3  | Got a wavering iron ring
 75209 | Crypt:3  | Identified the ring "Gatopsah" {rN+ Dex+4 Int+1} (You found it on level 3 of the Crypt)
 75210 | Crypt:3  | Identified the ring of Qeat {rN+ SInv} (You found it on level 3 of the Crypt)
 76105 | Depths:1 | Entered Level 1 of the Depths
 76116 | Depths:1 | Was forgiven by Okawaru
 76261 | Depths:1 | Received a gift from Okawaru
 76261 | Depths:1 | Reached skill level 25 in Fighting
 76470 | Depths:1 | Found a gateway to Hell.
 76625 | Depths:1 | Found a gateway to a ziggurat.
 76705 | Depths:1 | Found a one-way gate to the infinite horrors of the Abyss.
 76861 | Depths:1 | Received a gift from Okawaru
 78251 | Depths:2 | Got a pitted large shield
 78262 | Depths:2 | Identified the cursed -3 large shield "Nyeblubi" {+Rage SInv} (You took it off a deep elf knight on level 2 of the Depths)
 78338 | Depths:2 | Identified Ohoq's Incunabulum of Helpful Air
 78340 | Depths:2 | Lost mutation: Armour fits poorly on your strangely shaped body. [potion of cure mutation]
 78340 | Depths:2 | Lost mutation: Your magical capacity is low (-10% MP). [potion of cure mutation]
 78340 | Depths:2 | Lost mutation: Your muscles are strong. (Str +2) [potion of cure mutation]
 78634 | Depths:3 | Reached XP level 25. HP: 250/250 MP: 36/36
 78831 | Depths:1 | Got a jewelled quarterstaff
 79371 | Depths:4 | HP: 6/250 [ice dragon/blast of cold (11)]
 79376 | Depths:4 | HP: 7/250 [poisoned by a tengu reaver (bolt of poison)]
 79384 | Depths:3 | HP: 6/250 [poisoned by a tengu reaver (bolt of poison)]
 79398 | Depths:3 | HP: 11/250 [crystal guardian/crystal bolt (2)]
 79400 | Depths:3 | HP: 4/250 [crystal guardian/crystal bolt (3)]
 79595 | Depths:3 | Got a pitted tin ring
 80328 | Depths:3 | Received a gift from Okawaru
 80854 | Lair:1   | Identified the ring "Tyh Zonuy" {rPois Dex+1 Int+1 Slay+3} (You found it on level 3 of the Depths)
 80857 | Lair:1   | Identified the +9 quarterstaff "Caeris" {vamp, rElec rC+} (You found it on level 1 of the Depths)
 81371 | Depths:3 | Got a slimy trident
 81382 | Depths:3 | Identified the +5 trident of the Blowfly {drain, rC+ SInv} (You found it on level 3 of the Depths)
 81545 | Depths:3 | Identified the Incunabulum of Arcane Weapons (You found it on level 3 of the Depths)
 81644 | Depths:3 | Found a one-way gate leading to the halls of Pandemonium.
 82001 | Depths:4 | Got a crude dire flail
 82002 | Depths:4 | Identified the +9 dire flail of Gesch {flame, rN+} (You found it on level 4 of the Depths)
 82913 | Depths:4 | Received a gift from Okawaru
 83196 | Depths:5 | Entered Level 5 of the Depths
 83344 | Depths:5 | Reached XP level 26. HP: 244/260 MP: 12/38
 83349 | Depths:5 | Received a gift from Okawaru
 83510 | Depths:5 | Found a gate to the Realm of Zot.
 83884 | Depths:5 | Got a warped scale mail
 83889 | Depths:5 | Identified the +2 scale mail of the Pleiades {Str-1 Int+2} (You found it on level 5 of the Depths)
 83953 | Depths:5 | Found a sparkling altar of Nemelex Xobeh.
 84066 | Depths:5 | Received a gift from Okawaru
 84069 | Depths:5 | Got a transparent mace {god gift}
 84070 | Depths:5 | Identified the +5 mace of Opsog {crush, rElec rF+ rC-} (Okawaru gifted it to you on level 5 of the Depths)
 84114 | Depths:5 | Got a sparkling iron ring
 84418 | Depths:5 | Identified the ring of the Illusory Moons {EV+1 Int+2} (You found it on level 5 of the Depths)
 84452 | Depths:4 | Got a bloodstained hand axe
 84453 | Depths:4 | Identified the +6 hand axe "Cetoisos" {flame, +Rage Int+1} (You found it on level 4 of the Depths)
 84750 | D:9      | Bought a scroll of holy word for 97 gold pieces
 84750 | D:9      | Bought a scroll of teleportation for 39 gold pieces
 84750 | D:9      | Bought a scroll of blinking for 97 gold pieces
 84750 | D:9      | Bought a scroll of enchant weapon for 97 gold pieces
 85114 | Zot:1    | Entered Level 1 of the Realm of Zot
 85317 | Zot:1    | Noticed an orb of fire
 85324 | Zot:1    | Gained mutation: You tend to lose your temper in combat. [an orb of fire]
 85381 | Zot:1    | Killed an orb of fire
 85381 | Zot:1    | Reached skill level 26 in Fighting
 85689 | Zot:1    | Identified Guelaiv's Thorough Guide to Spellweaving (You found it on level 1 of the Realm of Zot)
 86532 | Zot:2    | Received a gift from Okawaru
 86662 | Zot:2    | Received a gift from Okawaru
 87580 | Zot:2    | Received a gift from Okawaru
 87976 | Zot:2    | Received a gift from Okawaru
 88491 | Zot:4    | Reached XP level 27. HP: 220/269 MP: 34/39
 88503 | Zot:4    | Received a gift from Okawaru
 88504 | Zot:4    | Got a brightly glowing mace {god gift}
 88505 | Zot:4    | Identified the +9 mace "Psosch" {crush, rElec rPois rF+ MR++} (Okawaru gifted it to you on level 4 of the Realm of Zot)
 88861 | Zot:5    | Entered Level 5 of the Realm of Zot
 90071 | Zot:3    | Received a gift from Okawaru
 90321 | Zot:3    | Received a gift from Okawaru
 91634 | Zot:5    | Noticed an orb of fire
 91635 | Zot:5    | Gained mutation: Space occasionally distorts in your vicinity. [an orb of fire]
 91643 | Zot:5    | Noticed an orb of fire
 91654 | Zot:5    | Gained mutation: You often lose your temper in combat. [an orb of fire]
 91712 | Zot:5    | Killed an orb of fire
 92177 | Zot:4    | Killed an orb of fire
 92338 | Zot:5    | Noticed an ancient lich
 92419 | Zot:4    | Killed an ancient lich
 92548 | Zot:5    | Noticed an orb of fire
 92561 | Zot:5    | Killed an orb of fire
 92644 | Zot:5    | Noticed an orb of fire
 93176 | Lair:1   | Lost mutation: You often lose your temper in combat. [potion of cure mutation]
 93176 | Lair:1   | Lost mutation: You tend to lose your temper in combat. [potion of cure mutation]
 93176 | Lair:1   | Lost mutation: Space occasionally distorts in your vicinity. [potion of cure mutation]
 93731 | Zot:5    | Received a gift from Okawaru
 93758 | Zot:5    | Noticed an orb of fire
 93766 | Zot:5    | Killed an orb of fire
 93766 | Zot:5    | Reached skill level 27 in Fighting
 93767 | Zot:5    | Gained mutation: You can breathe flames. [an orb of fire]
 93801 | Zot:5    | Killed an orb of fire
 94472 | Zot:5    | Noticed an orb of fire
 94491 | Zot:5    | Killed an orb of fire
 94536 | Zot:5    | Noticed an orb of fire
 94557 | Zot:5    | Killed an orb of fire
 94816 | Zot:5    | Received a gift from Okawaru
 94921 | Zot:5    | Got the Orb of Zot
 95241 | D:12     | Noticed Lopuces the pandemonium lord
 95577 | D:$      | Escaped with the Orb!

Action                   |  1- 3 |  4- 6 |  7- 9 | 10-12 | 13-15 | 16-18 | 19-21 | 22-24 | 25-27 || total
-------------------------+-------+-------+-------+-------+-------+-------+-------+-------+-------++-------
Melee: War axe           |   101 |   153 |   432 |   308 |       |     9 |       |    23 |       ||  1026
       Executioner's axe |       |       |    12 |    84 |       |       |       |       |       ||    96
       Whip              |       |       |       |   323 |  1651 |  1658 |  1840 |  1724 |  1602 ||  8798
       Short sword       |       |       |       |     7 |       |       |       |       |       ||     7
       Long sword        |       |       |       |       |     7 |       |       |       |       ||     7
       Hand axe          |       |       |       |       |    58 |       |       |       |       ||    58
       Rod               |       |       |       |       |    34 |    10 |       |     2 |    32 ||    78
       Eveningstar       |       |       |       |       |       |    15 |       |       |       ||    15
       Shillelagh        |       |       |       |       |       |       |   127 |       |       ||   127
       Broad axe         |       |       |       |       |       |       |       |   118 |       ||   118
       Morningstar       |       |       |       |       |       |       |       |    36 |    41 ||    77
       Demon whip        |       |       |       |       |       |       |       |   334 |   435 ||   769
       Dire flail        |       |       |       |       |       |       |       |       |    17 ||    17
       Mace              |       |       |       |       |       |       |       |       |   124 ||   124
 Fire: Hand crossbow     |       |       |       |       |    15 |       |       |       |       ||    15
       Blowgun           |       |       |       |       |     4 |       |       |       |       ||     4
Throw: Stone             |       |       |       |     9 |       |       |       |       |       ||     9
       Tomahawk          |       |       |       |       |    21 |    64 |       |    87 |   248 ||   420
       Javelin           |       |       |       |       |    33 |    25 |    21 |   182 |   191 ||   452
       Throwing net      |       |       |       |       |     1 |       |       |     1 |       ||     2
Invok: Heroism           |       |       |       |       |       |       |     5 |     1 |     1 ||     7
       Finesse           |       |       |       |       |       |       |     2 |       |       ||     2
 Abil: Evoke Flight      |       |       |       |     2 |       |     1 |       |       |       ||     3
       Evoke Invisibilit |       |       |       |       |     5 |     4 |     1 |       |     2 ||    12
       Evoke Blink       |       |       |       |       |       |     1 |     2 |     4 |     5 ||    12
       Breathe Fire      |       |       |       |       |       |       |       |       |     1 ||     1
Evoke: Wand              |       |     1 |    11 |     9 |    43 |    24 |     9 |     1 |    10 ||   108
       Rod               |       |       |       |     1 |    15 |    13 |     2 |     9 |    82 ||   122
       Stone of tremors  |       |       |       |       |     7 |     1 |     4 |     3 |     3 ||    18
       Lamp of fire      |       |       |       |       |       |       |     1 |     7 |     6 ||    14
       Sack of spiders   |       |       |       |       |       |       |       |       |     5 ||     5
       Phial of floods   |       |       |       |       |       |       |       |       |     1 ||     1
  Use: Scroll            |       |     8 |     7 |    13 |    19 |    26 |    12 |    23 |    20 ||   128
       Potion            |       |     4 |     9 |     3 |     4 |     7 |     7 |     5 |    15 ||    54
 Stab: Invisible         |       |       |       |       |    12 |     2 |     5 |       |     4 ||    23
       Sleeping          |       |       |       |       |       |     4 |       |       |       ||     4
       Distracted        |       |       |       |       |       |       |       |       |     2 ||     2
       Fleeing           |       |       |       |       |       |       |       |       |     1 ||     1
  Eat: Chunk             |     2 |     5 |    17 |    21 |    59 |    28 |    27 |    23 |    19 ||   201
       Beef jerky        |       |       |       |     4 |     3 |     3 |     2 |     2 |     1 ||    15
       Pizza             |       |       |       |       |     2 |       |       |     1 |       ||     3
       Fruit             |       |       |       |       |     1 |     4 |       |       |     4 ||     9
       Bread ration      |       |       |       |       |       |     3 |     2 |     1 |     5 ||    11
       Meat ration       |       |       |       |       |       |     2 |     2 |     3 |     3 ||    10
       Royal jelly       |       |       |       |       |       |       |       |       |     2 ||     2
